 Dungeon Crawl Stone Soup version 0.24-a0-493-g7e4ddcd485 (webtiles) character file.

Game seed: 16412989526359360969

49 KristoblXynda the Charmwright (level 3, -1/29 HPs)
             Began as a Draconian Skald on July 12, 2019.
             Slain by a gnoll
             ... wielding a cursed +0 club
              (7 damage)
             ... on level 2 of the Dungeon.
             The game lasted 00:02:20 (1459 turns).

KristoblXynda the Charmwright (Draconian Skald)     Turns: 1459, Time: 00:02:21

Health: -1/29      AC:  5    Str: 14    XL:     3   Next: 53%
Magic:  5/6        EV: 12    Int: 13    God:
Gold:   45         SH:  0    Dex: 10    Spells: 0/6 levels left

rFire    . . .     SeeInvis .   a - +0 hand axe
rCold    . . .     Gourm    .   (no shield)
rNeg     . . .     Faith    .   (armour unavailable)
rPois    .         Spirit   .   (helmet restricted)
rElec    .         Reflect  .   (no cloak)
rCorr    .         Harm     .   (no gloves)
MR       .....                  (no boots)
Stlth    +.........             (no amulet)
HPRegen  0.09/turn              (no ring)
MPRegen  0.10/turn              (no ring)

@: singing
A: unfitting armour, cold-blooded, AC +5
a: no special abilities


You were on level 2 of the Dungeon.
You were not hungry.

You visited 1 branch of the dungeon, and saw 2 of its levels.

You collected 45 gold pieces.

Inventory:

Hand Weapons
 a - a +0 hand axe (weapon)
Scrolls
 e - a scroll of teleportation {unknown}
 f - a scroll of remove curse {unknown}
 i - a scroll of fog {unknown}
 j - a scroll of identify {unknown}
 l - a scroll of noise {unknown}
Potions
 b - 2 potions of degeneration {unknown}
 d - 2 potions of lignification {unknown}
 g - a potion of curing {unknown}
 h - a potion of mutation {unknown}
 m - a potion of flight {unknown}
Comestibles
 c - 4 rations
 k - 3 chunks of flesh


   Skills:
 - Level 2.1 Fighting
 * Level 3.1 Axes
 + Level 2.6 Dodging
 - Level 2.0 Spellcasting
 + Level 3.1 Charms


You couldn't memorise any spells.
You knew the following spells:

 Your Spells              Type           Power        Failure   Level  Hunger
a - Infusion              Chrm           #...         7%          1    ##.....
b - Song of Slaying       Chrm           #.......     11%         2    ###....
c - Regeneration          Chrm/Necr      #.........   38%         3    ####...

Your spell library contained the following spells:

 Spells                   Type           Power        Failure   Level  Hunger
 Shroud of Golubria       Chrm/Tloc      #.....       21%         2    ###....
 Spectral Weapon          Hex/Chrm       #.......     38%         3    ####...


Dungeon Overview and Level Annotations

Branches:
Dungeon (2/15)

Altars:
Sif Muna


Innate Abilities, Weirdness & Mutations

Your plain brown scales are hard. (AC +5)
You cannot fit into any form of body armour.
You are cold-blooded and may be slowed by cold attacks.


Message History

The gnoll is lightly wounded.
The gnoll hits you with a cursed +0 club.
The gnoll closely misses you.
The gnoll hits you with a cursed +0 club.
You hit the gnoll.
The gnoll is lightly wounded.
The gnoll hits you but does no damage. x2
You hit the gnoll.
The gnoll is heavily wounded.
The gnoll barely misses you. x2
You hit the gnoll.
The gnoll is severely wounded.
The gnoll hits you from afar with a +0 spear.
The gnoll misses you.
You hit the gnoll but do no damage.
The gnoll is severely wounded.
The gnoll hits you from afar with a +0 spear!
* * * LOW HITPOINT WARNING * * *
The gnoll hits you with a cursed +0 club!
You die...

.. ######...# ... #.##
#)g##
....#..g######..#
..>.......g.....#
#.#.#..........##
#g#........###.#
#g#####.##.# #.# #g#
#.##.. ... ####@#
#.######.##
#....#####.#### #.#
#.##.≈≈.≈.....## ## #
#.#.≈..≈..≈≈.≈≈## ≈#
#.≈.≈.≈≈..≈.≈≈..##≈#
#≈≈≈.≈≈≈≈≈≈≈≈≈≈≈≈≈≈≈#
≈≈≈≈≈≈≈≈≈≈≈≈≈≈≈.≈≈≈≈##
####.....≈..≈.≈....###
####.≈.≈≈..≈..#.#


You could see 2 gnolls and a goblin.

Vanquished Creatures
  2 gnolls
  3 leopard geckos (D:1)
  3 bats
  9 goblins
  2 hobgoblins (D:1)
  4 kobolds
  2 rats (D:1)
25 creatures vanquished.

Notes
Turn   | Place    | Note
-------+----------+-------------------------------------------
     0 | D:1      | KristoblXynda the Draconian Skald began the quest for the
                  | Orb.
     0 | D:1      | Reached XP level 1. HP: 17/17 MP: 3/3
   380 | D:1      | Reached XP level 2. HP: 21/24 MP: 5/5
   914 | D:1      | Learned a level 2 spell: Song of Slaying
  1223 | D:2      | Found a deep blue altar of Sif Muna.
  1268 | D:1      | Reached XP level 3. HP: 20/29 MP: 6/6
  1363 | D:1      | Learned a level 3 spell: Regeneration
  1459 | D:2      | Slain by a gnoll

Levels and vault maps discovered:
D:1:      shiori_shiawase, layout_basic, feat_on_display
D:2:      layout_loops_ring, lemuel_blue_sif_altar, serial_rivers,
          chequers_serial_rivers_micro_e, chequers_serial_rivers_room_b,
          chequers_serial_rivers_micro_a, chequers_serial_rivers_small_3,
          chequers_serial_rivers_small_3, chequers_serial_rivers_micro_c,
          first_ration, kennysheep_big_empty_room, minivault_5

Skill      XL: |  1  2 |
---------------+-------+-----
Charms         | 3 |  3.1
Axes           | 3 |  3.1
Fighting       | |  2.1
Dodging        | |  2.6
Spellcasting   | |  2.0

Action                   || total
-------------------------++-------
Melee: Hand axe          ||    92
       Tailslap          ||     5
 Cast: Song of Slaying   ||     1
  Eat: Chunk             ||     2
Armor: Skin              ||    22
Dodge: Dodged            ||    76

Table legend:
 A = Non-vault XP
 B = Vault XP
 C = Vault XP percentage of total XP
 D = Non-vault monster count
 E = Vault monster count
 F = Vault count percentage of total count
                 A         B        C        D         E       F
            +---------+---------+-------+---------+---------+-------
      Total |      71 |       0 |   0.0 |      25 |       0 |   0.0
            +---------+---------+-------+---------+---------+-------
        D:1 |      51 |       0 |   0.0 |      21 |       0 |   0.0
        D:2 |      20 |       0 |   0.0 |       4 |       0 |   0.0
            +---------+---------+-------+---------+---------+-------
